[Event "32nd Panamerican Youth 2022"]
[Site "Montevideo"]
[Date "2022.06.27"]
[Round "2.34"]
[White "Galaviz Medina, Sion Radamantys"]
[Black "Jaque Gutierrez, Matias"]
[Result "0-1"]
[ECO "D35"]
[WhiteElo "2379"]
[BlackElo "2011"]
[Annotator "TA"]
[PlyCount "92"]
[EventDate "2022.06.26"]
[EventType "swiss"]
[EventCountry "URU"]
[SourceTitle "playchess.com"]
[Source "ChessBase"]
[SourceQuality "1"]
[TimeControl "5400+30"]

1. d4 d5 2. c4 e6 3. Nc3 Nf6 4. cxd5 exd5 5. Bg5 c6 6. e3 Bd6 7. Bd3 O-O 8. Qc2 {[%cal Od3h7] next Bxh7+! is good for White. D35: Queen's Gambit Declined: Exchange Variation.} h6 9. Bh4 Re8 10. Nge2 {The position is equal.} a5 11. h3 Na6 12. a3 {Against Nb4} Nc7 13. g4 Ne6 {[#]} 14. O-O-O $146 (14. Kf1 $11) ({Predecessor:} 14. f3 b5 15. e4 dxe4 16. fxe4 Be7 17. Bf2 Bb7 18. e5 Nd7 19. Be4 b4 20. Na4 {0-1 (26) Dragun,K (2590)-Xiong,J (2686) Saint Louis 2022}) 14... b5 $17 15. f4 (15. Kb1 $17 {might work better.}) 15... g5 (15... b4 $19 16. g5 Nh5) 16. fxg5 hxg5 17. Bg3 b4 18. Bxd6 Qxd6 19. Rdf1 Ng7 20. Na4 ({White should try} 20. Nd1) 20... bxa3 21. b3 (21. Nc5 {was called for.}) 21... Rb8 22. Rf3 Ne4 23. Nc5 a4 24. Nxa4 {[#]} ({Avoid the trap} 24. Bxe4 $2 dxe4 25. Rxf7 Kxf7 $19) 24... Qb4 25. Nec3 Nxc3 {Black is more active.} 26. Nxc3 {[#]} Qxb3 ({Black should play} 26... Re7 $1 27. Rhf1 (27. Bh7+ Kf8 $17) 27... Qxb3 28. Bh7+ Kf8) 27. Qxb3 Rxb3 {The board is on fire.} 28. Kd2 Rb2+ 29. Bc2 $1 Be6 {Threatens to win with ...Ra8.} 30. Na4 $1 Reb8 (30... Rb7 $15) 31. Nxb2 $18 axb2 32. Rb1 Ne8 33. Kc3 Nd6 34. Rxb2 Ra8 35. Bd3 Ra3+ 36. Rb3 $4 (36. Kd2 $18) 36... Ne4+ $19 {Black is clearly winning.} 37. Kc2 Rxb3 {[%mdl 64] Deflection} 38. Kxb3 {[%mdl 4096] Endgame KRB-KBN} Nd2+ 39. Kb4 Nxf3 40. Kc5 Ne1 41. Bb1 Ng2 42. e4 Nf4 43. Kxc6 Kg7 {White must now prevent ...dxe4.} 44. Kd6 Kf6 {aiming for ...dxe4.} 45. e5+ Kg7 46. Bf5 Kf8 {Weighted Error Value: White=0.88/Black=0.24 (precise)} 0-1

[Event "32nd Panamerican Youth 2022"]
[Site "Montevideo"]
[Date "2022.06.27"]
[Round "2.35"]
[White "Montiel, Angel Nathanael"]
[Black "Vazquez, Facundo"]
[Result "0-1"]
[ECO "C01"]
[WhiteElo "1901"]
[BlackElo "2357"]
[Annotator "TA"]
[PlyCount "70"]
[EventDate "2022.06.26"]
[EventType "swiss"]
[EventCountry "URU"]
[SourceTitle "playchess.com"]
[Source "ChessBase"]
[SourceQuality "1"]
[TimeControl "5400+30"]

1. e4 e6 2. d4 d5 3. exd5 exd5 4. Nf3 Bd6 5. Nc3 c6 6. Bd3 Bg4 7. O-O Ne7 {[%emt 0:02:28] C01: French: Exchange Variation.} 8. Re1 Qc7 9. h3 Bh5 {[%emt 0:00:53] White has an edge.} 10. Be2 ({Better is} 10. Qe2 $14) 10... Nd7 11. Ne5 (11. Nh4 $5 Bxe2 12. Rxe2 $11) 11... Bxe2 12. Qxe2 {[%emt 0:00:08] [#]} Bxe5 $146 ({Predecessor:} 12... O-O-O 13. Nxf7 h6 14. Nxh8 Rxh8 15. Bd2 Nf6 16. Qe6+ Qd7 17. Qxd7+ Kxd7 18. Ne2 Nf5 {1-0 (53) Hartmann,N (1290)-Popovic,N (1582) Frankfurt 2004}) 13. dxe5 Nc5 14. Bg5 Ne6 15. Bxe7 Qxe7 16. Nd1 h5 17. Qf3 Qg5 18. Ne3 g6 {[%emt 0:02:01] Against Nf5} 19. Rad1 Rd8 20. c3 O-O 21. Nc2 Rfe8 22. b4 Nc7 23. Qe3 $1 Qxe3 24. Rxe3 Ra8 25. a4 a5 26. b5 cxb5 27. axb5 b6 28. Nd4 a4 29. f4 (29. Ra1 $11) 29... Ra5 30. Ra1 Rea8 31. e6 $2 {[%emt 0:01:39] [#]} (31. f5 $15) 31... fxe6 32. Nxe6 Nxb5 {[%emt 0:00:25] White must now prevent ...Re8.} 33. Ng5 Nc7 {[%emt 0:03:40] Inhibits Re6.} (33... a3 $19 {...a2 is the strong threat.} 34. Re6 Nxc3 35. Rxg6+ Kh8 36. Rxb6 Ne2+ 37. Kf2 Nxf4) 34. Re7 $17 R5a7 35. Ne6 $2 {[%emt 0:00:24][%mdl 8192] [#]} (35. Rd7 $17 {was called for.}) 35... Nb5 $1 {[%emt 0:00:46][%csl LRc3,LRe7] Weighted Error Value: White=0.45/Black=0.12 (very precise)} 0-1

[Event "32nd Panamerican Youth 2022"]
[Site "Montevideo"]
[Date "2022.06.27"]
[Round "2.36"]
[White "Castro Silva, Moises Antonio"]
[Black "Gutierrez Reich, Francisco"]
[Result "1-0"]
[ECO "B06"]
[WhiteElo "2053"]
[BlackElo "1859"]
[Annotator "NA RC"]
[PlyCount "87"]
[EventDate "2022.06.26"]
[EventType "swiss"]
[EventCountry "URU"]
[SourceTitle "playchess.com"]
[Source "ChessBase"]
[SourceQuality "1"]
[TimeControl "5400+30"]

1. e4 g6 2. d4 Bg7 3. Nc3 d6 4. f4 Nc6 5. Be3 e6 6. Nf3 Nge7 7. Qd2 O-O 8. O-O-O f5 9. e5 d5 10. h4 h5 11. Ng5 Bh6 12. Rh3 Bxg5 13. fxg5 Na5 14. b3 b6 15. Kb1 Bd7 16. Ba6 Rb8 17. Ne2 c6 18. Bd3 Qc7 19. Qb4 Kf7 20. Nf4 Rfc8 21. Be2 c5 22. Qc3 cxd4 23. Qxc7 Rxc7 24. Bxd4 Nac6 25. Bb2 b5 26. Rc3 a6 27. Rc5 Rbc8 28. c4 dxc4 29. bxc4 Nb4 30. Rxc7 Rxc7 31. Ba3 Nbc6 32. cxb5 axb5 33. Bd6 Rb7 34. Bf3 Nc8 35. Bc5 Rc7 36. Bd6 Rb7 37. Rc1 Nxd6 38. exd6 Rb6 39. Nd3 Nd4 40. Ne5+ Ke8 41. Bxh5 Rxd6 42. Bxg6+ Kf8 43. h5 Nc6 44. Nxd7+ 1-0

[Event "32nd Panamerican Youth 2022"]
[Site "Montevideo"]
[Date "2022.06.27"]
[Round "3.3"]
[White "Li, Iris"]
[Black "Rojas Salas, Rihanna Irina"]
[Result "1-0"]
[ECO "B87"]
[WhiteElo "1365"]
[BlackElo "1057"]
[Annotator "NA RC"]
[PlyCount "75"]
[EventDate "2022.06.26"]
[EventType "swiss"]
[EventCountry "URU"]
[SourceTitle "playchess.com"]
[Source "ChessBase"]
[SourceQuality "1"]
[TimeControl "5400+30"]

1. e4 c5 2. Nf3 d6 3. d4 cxd4 4. Nxd4 Nf6 5. Nc3 a6 6. Bc4 e6 7. Bb3 b5 8. O-O Be7 9. Qf3 Bb7 10. Bxe6 fxe6 11. Nxe6 Qd7 12. Nxg7+ Kd8 13. Bg5 Rf8 14. Qd3 Nc6 15. Nf5 Ne5 16. Qd4 Rg8 17. f4 Nc6 18. Qb6+ Kc8 19. Rad1 Rf8 20. Bxf6 Rxf6 21. Nxe7+ Qxe7 22. Nd5 Qf7 23. Nxf6 Qxf6 24. e5 dxe5 25. fxe5 Qe7 26. Rd6 b4 27. Rxc6+ Bxc6 28. Qxc6+ Kb8 29. Qb6+ Kc8 30. Rf6 Rb8 31. Qc6+ Kd8 32. Rd6+ Qxd6 33. Qxd6+ Kc8 34. Qc6+ Kd8 35. e6 Rc8 36. Qd6+ Ke8 37. Qd7+ Kf8 38. Qf7# 1-0

[Event "32nd Panamerican Youth 2022"]
[Site "Montevideo"]
[Date "2022.06.27"]
[Round "3.4"]
[White "Jara Pino, Mateo Stefano"]
[Black "Casalaspro, Mathias Andre"]
[Result "0-1"]
[ECO "A57"]
[WhiteElo "1464"]
[BlackElo "1686"]
[Annotator "NA RC"]
[PlyCount "88"]
[EventDate "2022.06.26"]
[EventType "swiss"]
[EventCountry "URU"]
[SourceTitle "playchess.com"]
[Source "ChessBase"]
[SourceQuality "1"]
[TimeControl "5400+30"]

1. d4 c5 2. d5 Nf6 3. c4 b5 4. e3 bxc4 5. Bxc4 g6 6. Nc3 d6 7. Nf3 Bg7 8. O-O O-O 9. h3 Ba6 10. Bxa6 Nxa6 11. a3 Rb8 12. Re1 Qb6 13. e4 Nd7 14. Rb1 Bxc3 15. Re2 Bg7 16. Bd2 Rfc8 17. b4 cxb4 18. axb4 Qb5 19. Be3 Rc4 20. Bxa7 Rb7 21. Be3 Rxb4 22. Rxb4 Qxb4 23. Kh2 Nac5 24. Qc2 Qxe4 25. Qa2 Qa4 26. Qd2 Rb2 27. Qe1 Qa2 28. Rxb2 Bxb2 29. Bxc5 dxc5 30. Qxe7 Qxd5 31. Qd8+ Kg7 32. Qc8 c4 33. Qa6 c3 34. Qa4 Nc5 35. Qc2 Qd3 36. Ne1 Qd2 37. Qb1 Ne6 38. Qe4 Qxf2 39. Nd3 Qd4 40. Qf3 c2 41. Qf1 Qxd3 42. Qxd3 c1=Q 43. g3 Bd4 44. h4 Qg1+ 0-1

[Event "32nd Panamerican Youth 2022"]
[Site "Montevideo"]
[Date "2022.06.27"]
[Round "3.5"]
[White "Su, Jasmine Zhixin"]
[Black "El Hage Serrano, Caely"]
[Result "1/2-1/2"]
[ECO "C10"]
[WhiteElo "1984"]
[BlackElo "1308"]
[Annotator "RC"]
[PlyCount "70"]
[EventDate "2022.06.26"]
[EventType "swiss"]
[EventCountry "URU"]
[SourceTitle "playchess.com"]
[Source "ChessBase"]
[SourceQuality "1"]
[TimeControl "5400+30"]

1. e4 e6 2. d4 d5 3. Nc3 dxe4 4. Nxe4 Nd7 5. Nf3 Ngf6 6. Nxf6+ Nxf6 7. Ne5 a6 8. Bd3 c5 9. dxc5 Bxc5 10. O-O Bd4 11. Qe2 Bxe5 12. Qxe5 Qd5 13. Qe2 Bd7 14. Rd1 Bc6 15. Qf1 Qh5 16. Bf4 O-O 17. Re1 Nd5 18. Bd2 e5 19. c4 Nf4 20. Bxf4 exf4 21. f3 Qg5 22. Be4 Rac8 23. Rad1 h5 24. b3 h4 25. h3 Rcd8 26. Bxc6 bxc6 27. Qf2 Rxd1 28. Rxd1 Rd8 29. Rxd8+ Qxd8 30. Qc2 Qd4+ 31. Kf1 Kf8 32. c5 g5 33. a4 a5 34. Ke2 Qe3+ 35. Kf1 Qd4 1/2-1/2

[Event "32nd Panamerican Youth 2022"]
[Site "Montevideo"]
[Date "2022.06.27"]
[Round "3.6"]
[White "Carvajal Mendoza, Maria Belen"]
[Black "Vidyarthi, Omya"]
[Result "0-1"]
[ECO "D17"]
[WhiteElo "1377"]
[BlackElo "1872"]
[Annotator "NA RC"]
[PlyCount "56"]
[EventDate "2022.06.26"]
[EventType "swiss"]
[EventCountry "URU"]
[SourceTitle "playchess.com"]
[Source "ChessBase"]
[SourceQuality "1"]
[TimeControl "5400+30"]

1. d4 d5 2. c4 c6 3. Nf3 Nf6 4. Nc3 dxc4 5. a4 Bf5 6. Ne5 Nbd7 7. Nxc4 Nb6 8. Ne5 a5 9. f3 Nfd7 10. Nxd7 $1 Qxd7 (10... Bxd7 $11 {keeps the balance.} 11. e4 e6) 11. e4 Bg6 12. Bf4 ({White should play} 12. h4 $16 f5 13. d5) 12... e6 13. d5 ({White should try} 13. h4 $14 h5 14. Be3) 13... exd5 (13... Bc5 $5 ) 14. exd5 (14. Qd4 $11 Qd8 15. Be3) 14... O-O-O ({Don't take} 14... Nxd5 15. Nxd5 Qxd5 16. Qxd5 cxd5 17. Bb5+ Ke7 18. Kf2 $14) 15. Rc1 $2 (15. dxc6 $1 $15 Qe8+ 16. Qe2 Qxc6 17. Rc1 (17. Qe5 $2 Re8 $19)) 15... Nxd5 ({Avoid the trap} 15... Bb4 $2 16. Kf2 Qf5 17. g3 Bxc3 18. Rxc3 Nxd5 19. Qd4 Nxc3 20. Qxc3) 16. Nxd5 $19 {[%emt 0:16:54] [#]} Qe6+ $1 {[%emt 0:03:11] Pin} ({Worse is} 16... Qxd5 17. Qxd5 Rxd5 18. Bc4 $17) 17. Be2 $2 (17. Kf2 Rxd5 18. Qe1 Bc5+ 19. Kg3) 17... Rxd5 18. Qb3 Bd3 19. O-O Bxe2 20. Qb6 Bd6 21. Bxd6 Qxd6 22. Rfe1 Bxf3 23. gxf3 Rd2 24. Rxc6+ Qxc6 25. Qxc6+ bxc6 26. Re7 Rxb2 27. Ra7 Kb8 28. Rxa5 Rd8 0-1

[Event "32nd Panamerican Youth 2022"]
[Site "Montevideo"]
[Date "2022.06.27"]
[Round "3.7"]
[White "Gomez Gonzales, Fabiana"]
[Black "Mollo Figueroa, Nicole"]
[Result "0-1"]
[ECO "D00"]
[WhiteElo "1289"]
[BlackElo "1340"]
[Annotator "NA RC"]
[PlyCount "74"]
[EventDate "2022.06.26"]
[EventType "swiss"]
[EventCountry "URU"]
[SourceTitle "playchess.com"]
[Source "ChessBase"]
[SourceQuality "1"]
[TimeControl "5400+30"]

1. d4 d5 2. Bg5 Nf6 3. Bxf6 gxf6 4. e3 e5 5. c3 c5 6. g3 Nc6 7. Ne2 Be6 8. Bg2 Qd7 9. Na3 O-O-O 10. h3 h5 11. Nc2 Kb8 12. Qd2 c4 13. O-O-O Bh6 14. Kb1 Qe7 15. f4 e4 16. Rdf1 Qd7 17. Qe1 Rdg8 18. Qf2 Ne7 19. h4 Bg4 20. Ng1 Nf5 21. Bh3 Bf8 22. Bxg4 Rxg4 23. Ne2 Rhg8 24. Rhg1 Bd6 25. Ka1 Qa4 26. Kb1 b5 27. a3 a5 28. Qe1 Kc7 29. Kc1 Rb8 30. Kd2 Qb3 31. Qb1 b4 32. axb4 axb4 33. cxb4 Bxb4+ 34. Nc3 Nxg3 35. Re1 Bxc3+ 36. bxc3 Rxh4 37. Nb4 Rh2+ 0-1

[Event "32nd Panamerican Youth 2022"]
[Site "Montevideo"]
[Date "2022.06.27"]
[Round "3.13"]
[White "Adam, Ernestina"]
[Black "Brito Carrascal, Isabela"]
[Result "1-0"]
[ECO "B43"]
[WhiteElo "1681"]
[BlackElo "1487"]
[Annotator "NA"]
[PlyCount "108"]
[EventDate "2022.06.26"]
[EventType "swiss"]
[EventCountry "URU"]
[SourceTitle "playchess.com"]
[Source "ChessBase"]
[SourceQuality "1"]
[TimeControl "5400+30"]

1. e4 c5 2. Nf3 e6 3. d4 cxd4 4. Nxd4 a6 5. Nc3 Qc7 6. Bd3 Nf6 7. Qe2 d6 8. f4 Nbd7 9. Be3 b5 10. a3 Bb7 11. O-O Be7 12. Rae1 Nc5 13. Bf2 Nxd3 14. Qxd3 O-O 15. Qg3 Rac8 16. Qh3 Rfe8 17. g4 Nd7 18. Qe3 e5 19. Nf5 exf4 20. Qxf4 Ne5 21. Bd4 Bf6 22. g5 Ng6 23. Qd2 Be5 24. h4 Rcd8 25. h5 Ne7 26. Bxe5 dxe5 27. Qf2 Nxf5 28. Qxf5 Bc8 29. Qf3 Be6 30. h6 Qe7 31. Qg3 Bc4 32. Rf5 Rd6 33. b3 g6 34. Rf3 Be6 35. Qxe5 f6 36. gxf6 Qf8 37. Qf4 Bf5 38. e5 Rdd8 39. Qg3 Kh8 40. Rxf5 gxf5 41. Qg7+ Qxg7+ 42. hxg7+ Kg8 43. e6 h6 44. f7+ Kxg7 45. fxe8=Q Rxe8 46. e7 Kf7 47. Nd5 Rg8+ 48. Kf2 Re8 49. Kf3 h5 50. Kf4 h4 51. Kxf5 h3 52. Rh1 Rh8 53. Kg4 h2 54. Kg3 Rh5 1-0

[Event "32nd Panamerican Youth 2022"]
[Site "Montevideo"]
[Date "2022.06.27"]
[Round "3.14"]
[White "Chen, Rachel Ruoxuan"]
[Black "Acuna Alarcon, Claudia Micaela"]
[Result "1-0"]
[ECO "B63"]
[WhiteElo "1618"]
[BlackElo "1359"]
[Annotator "NA RC"]
[PlyCount "65"]
[EventDate "2022.06.26"]
[EventType "swiss"]
[EventCountry "URU"]
[SourceTitle "playchess.com"]
[Source "ChessBase"]
[SourceQuality "1"]
[TimeControl "5400+30"]

1. e4 c5 2. Nf3 Nc6 3. d4 cxd4 4. Nxd4 Nf6 5. Nc3 d6 6. Bg5 e6 7. Qd2 Be7 8. O-O-O Bd7 9. Ndb5 O-O 10. Nxd6 Bxd6 11. Qxd6 Nb8 12. e5 h6 13. Bxf6 gxf6 14. Bb5 fxe5 15. Bxd7 Nxd7 16. Qxd7 Qg5+ 17. Qd2 Qf6 18. Qe3 a6 19. Ne4 Qg7 20. Qg3 Rac8 21. Nf6+ Kh8 22. Qxg7+ Kxg7 23. Nd7 Rfe8 24. Nxe5 f6 25. Rd7+ Kg8 26. Ng4 Rf8 27. Nxh6+ Kh8 28. Rxb7 f5 29. Rd1 Rf6 30. Nf7+ Kg8 31. Rdd7 Rg6 32. g3 Rf8 33. Ne5 1-0

[Event "32nd Panamerican Youth 2022"]
[Site "Montevideo"]
[Date "2022.06.27"]
[Round "3.15"]
[White "Diaz Bartolo, Elizabeth Schahrazad"]
[Black "Da Cunha, Gabriela Goes"]
[Result "1/2-1/2"]
[ECO "B12"]
[WhiteElo "1546"]
[BlackElo "1726"]
[Annotator "NA RC"]
[PlyCount "187"]
[EventDate "2022.06.26"]
[EventType "swiss"]
[EventCountry "URU"]
[SourceTitle "playchess.com"]
[Source "ChessBase"]
[SourceQuality "1"]
[TimeControl "5400+30"]

1. e4 c6 2. d4 d5 3. e5 c5 4. c3 cxd4 5. cxd4 Nc6 6. Nf3 Bg4 7. Bb5 e6 8. O-O Qb6 9. Nc3 Bxf3 10. gxf3 Nge7 11. Rb1 Nf5 12. Be3 Be7 13. Kh1 O-O 14. Bxc6 Qxc6 15. Rg1 Rfc8 16. Qf1 Qc4 17. Qg2 Bf8 18. Qg4 Qd3 19. Rbd1 Nxe3 20. Rxd3 Nxg4 21. fxg4 Bb4 22. Rgg3 Rc4 23. Nd1 Rc1 24. Kg2 Rac8 25. Rb3 Rxd1 26. Rxb4 b6 27. Rc3 Rxc3 28. bxc3 Rc1 29. Rb3 g5 30. h3 Kg7 31. Kg3 Rg1+ 32. Kh2 Rc1 33. Kg3 Rg1+ 34. Kh2 Ra1 35. Rb2 Rc1 36. Rb3 Rc2 37. Kg3 Rxa2 38. f3 Rc2 39. h4 h6 40. f4 gxf4+ 41. Kxf4 a5 42. Ke3 a4 43. Rxb6 Rxc3+ 44. Kf2 a3 45. Ra6 Rb3 46. Ra7 Rd3 47. Ra4 Rd2+ 48. Ke3 Ra2 49. h5 Ra1 50. Kf2 a2 51. Kg2 Rd1 52. Rxa2 Rxd4 53. Kf3 Re4 54. Ra7 Rxe5 55. Ra4 Re4 56. Ra8 Rb4 57. Re8 Rc4 58. Kg3 Rc7 59. Kf4 Rd7 60. Ke3 d4+ 61. Kd3 Rd5 62. Rb8 Rg5 63. Kxd4 Rxg4+ 64. Ke3 Rg5 65. Kf4 Rxh5 66. Ra8 Rb5 67. Ra4 Kf6 68. Ra8 Rb4+ 69. Kg3 h5 70. Ra5 h4+ 71. Kh3 e5 72. Ra6+ Kf5 73. Ra7 f6 74. Re7 Rf4 75. Re8 e4 76. Re7 Kg6 77. Re6 Kg5 78. Re8 Rf3+ 79. Kg2 Kf4 80. Re6 h3+ 81. Kh2 f5 82. Re8 e3 83. Kg1 Rf2 84. Kh1 Ra2 85. Kg1 Kf3 86. Re5 f4 87. Re7 Ra1+ 88. Kh2 e2 89. Rxe2 Kxe2 90. Kxh3 f3 91. Kg4 f2 92. Kf5 f1=R+ 93. Ke5 Ra4 94. Kd5 1/2-1/2

[Event "32nd Panamerican Youth 2022"]
[Site "Montevideo"]
[Date "2022.06.27"]
[Round "3.17"]
[White "Ticona Rocabado, Licael Roderick"]
[Black "Lavandeira, Juan Facundo"]
[Result "1-0"]
[ECO "A06"]
[WhiteElo "2097"]
[BlackElo "1676"]
[Annotator "RC"]
[PlyCount "63"]
[EventDate "2022.06.26"]
[EventType "swiss"]
[EventCountry "URU"]
[SourceTitle "playchess.com"]
[Source "ChessBase"]
[SourceQuality "1"]
[TimeControl "5400+30"]

1. Nf3 d5 2. g3 Nc6 3. d4 Bg4 4. Bg2 Qd7 5. h3 Bxf3 6. Bxf3 Nf6 7. c3 e5 8. dxe5 Nxe5 9. Bg2 c6 10. O-O Bc5 11. Nd2 O-O-O 12. b4 Bb6 13. a4 h5 14. h4 g5 15. a5 Bxf2+ 16. Rxf2 Nfg4 17. Bh3 f5 18. Bxg4 Nxg4 19. Nf3 Nxf2 20. Kxf2 gxh4 21. gxh4 Qd6 22. Qd4 Rhg8 23. Bf4 Rg4 24. Bxd6 Rxd4 25. Nxd4 Rxd6 26. Rg1 b6 27. axb6 axb6 28. Nxf5 Rf6 29. Rg5 c5 30. bxc5 bxc5 31. Rxh5 d4 32. cxd4 1-0

[Event "32nd Panamerican Youth 2022"]
[Site "Montevideo"]
[Date "2022.06.27"]
[Round "3.25"]
[White "Fiorito, Joaquin"]
[Black "Amigo Quintana, Antu"]
[Result "1/2-1/2"]
[ECO "A45"]
[WhiteElo "2258"]
[BlackElo "2073"]
[Annotator "TA"]
[PlyCount "46"]
[EventDate "2022.06.26"]
[EventType "swiss"]
[EventCountry "URU"]
[SourceTitle "playchess.com"]
[Source "ChessBase"]
[SourceQuality "1"]
[TimeControl "5400+30"]

1. d4 Nf6 2. Nc3 d5 3. Bf4 c5 4. e4 Nxe4 5. Bb5+ Nc6 $1 {[%emt 0:00:06] Hoping for ...Nxc3.} 6. Nxe4 {[%emt 0:00:06] D00: 1 d4 d5: Unusual lines.} dxe4 7. Ne2 $1 {[%emt 0:00:06] [#]} g5 $146 ({Predecessor:} 7... Bd7 8. dxc5 e5 9. Be3 f5 10. Nc3 Be6 11. Qe2 g6 12. Rd1 Qc8 13. Nd5 Bg7 {0-1 (44) Fiorito,F (2357)-Indjic,A (2605) Chess.com INT 2022}) 8. d5 {[%emt 0:05:05][%mdl 64] [#] Pin} Bg7 $1 9. O-O a6 10. dxc6 {[%emt 0:04:10] Intending Qxd8+ and mate.} axb5 11. Qxd8+ Kxd8 12. c7+ $2 {[%emt 0:00:15] [#]} (12. Rfd1+ $11 {and White stays safe.} Ke8 13. cxb7 Bxb7 14. Bxg5) 12... Ke8 (12... Kd7 $1 $19 {and Black stays clearly on top.} 13. Rfd1+ Kc6 14. Bxg5 Bg4) 13. Be3 (13. Bxg5 $142 Kd7 14. c3) 13... b6 $17 ({And not} 13... Bxb2 14. Rab1 Be5 15. Rxb5 $17) 14. Rfd1 (14. Bxg5 $17 {might work better.} Kd7 15. c3) 14... Bg4 $19 15. Rd2 Be5 {[%emt 0:01:22] This bishop pair is nice.} ({Not} 15... Bxb2 16. Rad1 f6 17. c3 $11) (15... Bxe2 $19 16. Rxe2 Kd7 17. Bxg5 Bxb2 18. Rd1+ Kxc7) 16. Nc3 $17 Bxc7 17. Nxb5 Bd8 (17... Bb8 $17 18. b4 f6 19. bxc5 bxc5 20. Bxc5 Kf7) 18. Bxg5 $11 {[%emt 0:00:29] The position is equal.} Bd7 19. Nc3 Bc6 20. Bf4 Rg8 21. Nd5 Ra7 22. Rad1 Rd7 23. c4 b5 {[%emt 0:08:45] Weighted Error Value: White=0.25 (precise) /Black=0.25 (precise)} 1/2-1/2

[Event "32nd Panamerican Youth 2022"]
[Site "Montevideo"]
[Date "2022.06.27"]
[Round "3.27"]
[White "Toro, Miguel Angel"]
[Black "Mayta Aiza, Maveric"]
[Result "1-0"]
[ECO "B64"]
[WhiteElo "2041"]
[BlackElo "1873"]
[Annotator "RC"]
[PlyCount "57"]
[EventDate "2022.06.26"]
[EventType "swiss"]
[EventCountry "URU"]
[SourceTitle "playchess.com"]
[Source "ChessBase"]
[SourceQuality "1"]
[TimeControl "5400+30"]

1. e4 c5 2. Nf3 Nc6 3. d4 cxd4 4. Nxd4 Nf6 5. Nc3 d6 6. Bg5 e6 7. Qd2 Be7 8. O-O-O O-O 9. f4 h6 10. h4 Nxd4 11. Qxd4 Qa5 12. Qe3 e5 13. Nd5 Nxd5 14. Rxd5 Qd8 15. Bxe7 Qxe7 16. f5 b6 17. g4 Bb7 18. Rd2 Rac8 19. g5 h5 20. Bh3 Rc4 21. f6 Qc7 22. fxg7 Kxg7 23. Bf5 Qc5 24. Qf3 d5 25. Rf1 dxe4 26. Qxh5 Rh8 27. Bh7 Rxc2+ 28. Rxc2 Qe3+ 29. Kb1 1-0

[Event "32nd Panamerican Youth 2022"]
[Site "Montevideo"]
[Date "2022.06.27"]
[Round "3.28"]
[White "Vasquez Vargas, Henry Richard"]
[Black "Meza Gorrini, Francesco"]
[Result "1-0"]
[ECO "A57"]
[WhiteElo "2006"]
[BlackElo "1843"]
[Annotator "RC"]
[PlyCount "51"]
[EventDate "2022.06.26"]
[EventType "swiss"]
[EventCountry "URU"]
[SourceTitle "playchess.com"]
[Source "ChessBase"]
[SourceQuality "1"]
[TimeControl "5400+30"]

1. d4 Nf6 2. c4 c5 3. d5 b5 4. Qc2 b4 5. e4 d6 6. f4 g6 7. Nf3 Bg7 8. Bd3 O-O 9. O-O a5 10. e5 dxe5 11. fxe5 Nh5 12. Bg5 Qc7 13. Re1 Bg4 14. Nbd2 h6 15. Be3 Nd7 16. e6 Ne5 17. exf7+ Rxf7 18. Bxg6 Rff8 19. Be4 Nf4 20. d6 Qxd6 21. Bxa8 Rxa8 22. Bxf4 Nxf3+ 23. gxf3 Qxf4 24. fxg4 Be5 25. Rxe5 Qxe5 26. Qe4 1-0

[Event "32nd Panamerican Youth 2022"]
[Site "Montevideo"]
[Date "2022.06.27"]
[Round "3.29"]
[White "Borda Rodas, Anapaola S."]
[Black "Garcia Andrada, Heidy Nicole"]
[Result "1/2-1/2"]
[ECO "B32"]
[WhiteElo "2141"]
[BlackElo "1918"]
[Annotator "RC"]
[PlyCount "41"]
[EventDate "2022.06.26"]
[EventType "swiss"]
[EventCountry "URU"]
[SourceTitle "playchess.com"]
[Source "ChessBase"]
[SourceQuality "1"]
[TimeControl "5400+30"]

1. e4 c5 2. Nf3 Nc6 3. d4 cxd4 4. Nxd4 Qb6 5. Nb3 Nf6 6. Nc3 e6 7. Bd3 Be7 8. Be3 Qc7 9. f4 d6 10. O-O a6 11. a4 b6 12. Qe2 O-O 13. g4 g6 14. g5 Nh5 15. f5 f6 16. e5 Nxe5 17. fxg6 hxg6 18. Bxg6 Ng7 19. Be4 Bb7 20. gxf6 Bxf6 21. Bd4 1/2-1/2

[Event "32nd Panamerican Youth 2022"]
[Site "Montevideo"]
[Date "2022.06.27"]
[Round "3.30"]
[White "Matus, Nastassja"]
[Black "Perez Hernandez, Vicmary C."]
[Result "1-0"]
[ECO "D71"]
[WhiteElo "1908"]
[BlackElo "1909"]
[Annotator "RC"]
[PlyCount "49"]
[EventDate "2022.06.26"]
[EventType "swiss"]
[EventCountry "URU"]
[SourceTitle "playchess.com"]
[Source "ChessBase"]
[SourceQuality "1"]
[TimeControl "5400+30"]

1. d4 Nf6 2. c4 g6 3. g3 Bg7 4. Bg2 O-O 5. Nc3 d6 6. e4 Nbd7 7. Nge2 e5 8. O-O exd4 9. Nxd4 Re8 10. Rb1 Nc5 11. f3 Bd7 12. b3 h5 13. Bb2 h4 14. g4 Nh7 15. h3 Ng5 16. Nd5 c6 17. Nf4 Qe7 18. Nde2 Be5 19. b4 Nce6 20. Nd3 Bxb2 21. Rxb2 Nc7 22. Rd2 Rad8 23. Nf2 d5 24. cxd5 cxd5 25. Nc3 1-0